 BcadrenCrawl: Boulder Brew version 0.06-688-g08e91b2d95 (webtiles) character file.

Game seed: 3562459774182840346

4325 Leeroy the Fighter (level 10, -5/118 HPs) Black Draconian Priest. Began on Jan 31, 2023. Was a High Priest of Bahamut & Tiamat. Slain by a two-headed ogre ... wielding a +0 giant club (31 damage) ... on level 5 of the Dungeon. The game lasted 00:21:12 (8441 turns).

Leeroy the Fighter (Black Draconian Priest)         Turns: 8441, Time: 00:21:13

Health: -5/118     AC:  9    Str: 14    XL:     10 ^: 4793
Magic:  18/18      EV: 12    Int: 13    God:    Bahamut & Tiamat [5* [126]]
Gold:   271        SH:  5    Dex: 14    Spells: 9/9 levels left

rFire    . . .     Slash    +   u - +0 short sword (acid)
rCold    . . .     Pierce   x     - Unarmed
rNeg     . . .     Bludgeon .   (armour unavailable)
rCorr    . . .     Vision   .   (helmet restricted)
rPois    .         Gourm    .   (no cloak)
rElec    .         Faith    .   o - +0 pair of gloves
MR       +....     Spirit   .   (no boots)
HPRegen  0.49/turn Reflect  +   f - amulet of reflection
MPRegen  0.28/turn Harm     .   C - ring of slaying
Stlth    +++++.....             l - ring of protection from magic

@: lethally poisoned (-5 -> -5), short of breath, studying Hexes
A: deformed body 2, cold-blooded, boosted slings aptitude, necromancy enhancer
1, Stlth+++, draconic flesh, AC +8
a: Breathe Negative Energy, Adaptive Breath, Drake Mount, Renounce Religion


You were on level 5 of the Dungeon.
You worshipped Bahamut & Tiamat.
Bahamut & Tiamat was extremely pleased with you.
You were not hungry.

You visited 1 branch of the dungeon, and saw 5 of its levels.
You also visited: Temple.

You collected 271 gold pieces.

Inventory:

Weapons
 m - a +2 dagger of holy wrath
 t - a +0 rapier
 u - a +0 short sword of caustic ooze (weapon)
 w - a +2 hatchet of chopping
 I - a +0 long sword
Armour
 o - a +0 pair of gloves (worn)
Magical Staves
 k - the +9 staff "Ogrebane" {flay, poison; rPois Stlth+}
   (You acquired it on level 3 of the Dungeon)

   [staff of poison]

   Base accuracy: +5 Base damage: 5 (bludgeon) Base attack delay: 1.2 This
   weapon's minimum attack delay (0.6) is reached at skill level 12.
   This weapon deals bludgeoning damage.
   Those struck with this staff may have their resistance to the elemental
   damage of its spells reduced.
   The odds of this reduction depend on the wielder's skill with hexes.
   Additionally boosts the power of hexes spells.
   It falls into the 'Staves' category.
   It is one handed.
   Its enchantment grants additive spellpower to the spells it enhances.
Jewellery
 c - the cursed ring "Iru Woff" {AC+5 Int+4, (Curse: rC-)}
   (You took it off an orc priest on level 4 of the Dungeon)

   [ring of protection]

   It affects your AC (+5).
   It affects your intelligence (+4).
   It has a curse placed upon it.
   { (Curse: rC-)}
 d - a cursed ring of poison resistance {(Curse: rF-)}
 e - a cursed ring of protection from magic {(Curse: rC-)}
 f - an amulet of reflection (around neck)
 g - a cursed ring of evasion {(Curse: *Drain)}
 h - an uncursed amulet of harm
 j - an uncursed ring of dexterity
 l - a ring of protection from magic (right hand)
 n - an uncursed ring of magical power
 s - a cursed amulet of magic regeneration {(Curse: *Tele rC-)}
 x - an uncursed ring of positive energy
 y - an uncursed amulet of guardian spirit
 C - a ring of slaying (left hand)
 D - an uncursed ring of poison resistance
 E - an uncursed ring of ice
 F - an uncursed ring of wizardry
 H - the cursed ring "Doteusche" {MP-9 Dex+6 Stlth-, (Curse: *Tele)}
   (You took it off an orc priest on level 4 of the Dungeon)

   [ring of attention]

   It affects your dexterity (+6).
   It affects your magic capacity (-9).
   It makes you less stealthy.
   It has a curse placed upon it.
   { (Curse: *Tele)}
 K - an uncursed amulet of chaos
 L - an uncursed ring of positive energy
 M - an uncursed ring of fire
 Q - an uncursed ring of fire
Wands
 B - a wand of acid (7)
 J - a wand of enslavement (2)
Scrolls
 b - a scroll of fog
 p - a scroll of immolation
 q - 5 scrolls of teleportation
 r - a scroll of torment
 z - 2 scrolls of enchantment
 A - a scroll of magic mapping
Potions
 i - 2 potions of magic
 v - a potion of curing
 G - 2 potions of amnesia
 O - a potion of agility
 P - 2 potions of heal wounds
 R - a potion of haste
Comestibles
 a - 13 rations
 N - 4 chunks of flesh


   Skills:
 - Level 12.0 Fighting
 - Level 1.5 Dodging
 - Level 1.4 Stealth
 - Level 2.6 Unarmed Combat
 - Level 1.0 Hexes
 + Level 11.9 Invocations


You had 9 spell levels left.
You didn't know any spells.
Your spell library was empty.

Dungeon Overview and Level Annotations

Branches:
Dungeon (5/8)              Temple (0/1) D:4
   Lair: D:5

Altars:
Elyvilon
Hepliaklqana
Nemelex Xobeh
Sif Muna
Xom


Innate Abilities, Weirdness & Mutations

Your shadowy dark scales are resilient. (AC +8)
You can breathe bolts of negative energy.
You cannot wear any armour on your peculiar form.
You are cold-blooded and are slowed more easily by cold attacks.
You are naturally skilled at Slings (Aptitude +3).
You are in touch with the powers of death.
Your shadowy dark scales make you much more stealthy. (Stealth++)
Your scales resist being cut, but it's oddly easy to stick a small blade between them. (rSlashing+, rPiercing-)


Message History

You feel sick. (1)
You feel sick. (1)
You see here a bullfrog skeleton.
You feel sick. (1)
You feel sick. (1) Breath at?
Press: ? - help, Shift-Dir - straight line, f - kobold
Aim: a kobold, wielding a +0 dagger (91%, 93% to-hit, healthy (3/3), 87% (Melee), 80% (Ranged))
You exhale a bolt of negative energy.
The bolt of negative energy hits the two-headed ogre (11)!
The two-headed ogre is drained (3).
The two-headed ogre is moderately wounded. (35/54) HP You feel somewhat more hungry.
You feel sick. (1)
You hit the two-headed ogre but do no damage.
The two-headed ogre is splashed with acid (1).
You hit the two-headed ogre but do no damage.
The two-headed ogre is moderately wounded. (35/54) HP The two-headed ogre hits you with a +0 giant club (31)!!
You die...

#............# #.........
#............# #.........
#............#######.........
#.................##.........
#........>........##.........
###.########÷.....##....÷....
#.# #K.....##......... #K#
###O.....##......... #.#
#..@.....##......... #.#
#...################ #)#
#...# #†# #...# ####### #)#
#...# #.....# #.# #...#
#.###.# ... ##### #.# #.# ...
#.# #.# ..... #########
#.###.#


You could see a two-headed ogre (drained) and a kobold.

Vanquished Creatures
  2 trolls (D:5)
  A yak (D:5)
  3 scorpions
  A water moccasin (D:5)
  An orc warrior (D:4)
  A porcupine (D:3)
  4 sky beasts
  3 ice beasts (D:4)
  An eye of draining (D:5)
  A black bear (D:4)
  3 ogres
  5 big kobolds
  4 howler monkeys (D:4)
  A quasit (D:5)
  A hornet zombie (D:4)
  4 hounds
  7 orc priests
  9 jellies
  6 worker ants
  2 iguanas (D:4)
  3 orc wizards
  A water moccasin skeleton (D:3)
  8 wyvern skeletons
  6 giant cockroaches
  A porcupine skeleton (D:5)
  A cysgobwca (D:4)
  2 adders
  8 gnolls
  10 sewer rats
  2 worms
  9 cinder newts
  5 bullfrogs
  9 oozes
  A dart slug (D:1)
  6 leopard geckos
  18 orcs
  2 adder skeletons (D:2)
  4 ball pythons
  9 hobgoblins (D:1)
  24 kobolds
  3 quokkas
  6 bats (D:1)
  7 goblins (D:1)
  A hobgoblin skeleton (D:2)
  8 rats (D:1)
  A butterfly (D:4)
  2 withered plants (D:2)
217 creatures vanquished.

Vanquished Creatures (others)
  A jelly (D:2)
  A giant cockroach (D:2)
  A rat (D:2)
  A giant blowfly (D:2)
  86 withered plants (D:2)
90 creatures vanquished.

Grand Total: 307 creatures vanquished

Notes
Turn   | Place    | Note
-------+----------+-------------------------------------------
     0 | Start Te | Leeroy the Immature Draconian Priest began the quest for
                  | the Orb.
     0 | Start Te | Reached XP level 1. HP: 29/29 MP: 3/3
     0 | Start Te | Found a sparkling altar of Nemelex Xobeh.
     1 | Start Te | Found a basalt altar of Yredelemnul.
     1 | Start Te | Found a white marble altar of Elyvilon.
     2 | Start Te | Found an iron altar of Okawaru.
     4 | Start Te | Found a glowing silver altar of Zin.
     4 | Start Te | Found a blossoming altar of Fedhas.
     5 | Start Te | Found a stormy altar of Qazlal.
     6 | Start Te | Found a glowing golden altar of the Shining One.
     6 | Start Te | Found an opulent altar of Gozag.
     7 | Start Te | Found a sacrificial altar of Ru.
     8 | Start Te | Found an ornate altar of Bahamut and Tiamat.
     8 | Start Te | Found a hazy altar of Hepliaklqana.
    16 | Start Te | Became a worshipper of Bahamut & Tiamat
    16 | Start Te | Reached * piety under Bahamut & Tiamat
    16 | Start Te | Reached ** piety under Bahamut & Tiamat
   171 | D:1      | Reached XP level 2. HP: 32/39 MP: 5/5
   229 | D:1      | Reached skill level 5 in Invocations
   252 | D:1      | Reached XP level 3. HP: 41/49 MP: 6/6
   434 | D:1      | Reached XP level 4. HP: 53/59 MP: 8/8
   491 | D:1      | Reached *** piety under Bahamut & Tiamat
   505 | D:1      | Identified a scroll of acquirement
  1278 | D:2      | Reached XP level 5. HP: 64/69 MP: 8/10
  1430 | D:2      | Reached XP level 6. HP: 40/79 MP: 10/12
  1630 | D:2      | Reached **** piety under Bahamut & Tiamat
  2051 | D:2      | Your scales start taking on a shadowy dark colour.
  2051 | D:2      | Reached XP level 7. HP: 50/89 MP: 13/13
  2051 | D:2      | Gained mutation: Your shadowy dark scales make you much
                  | more stealthy. (Stealth++) [Black Draconian growth]
  2051 | D:2      | Gained mutation: You are in touch with the powers of death.
                  | [Black Draconian growth]
  2412 | D:2      | Reached skill level 1 in Fighting
  2943 | D:2      | Reached skill level 2 in Fighting
  2958 | D:2      | Reached skill level 3 in Fighting
  3331 | D:2      | Found a faded altar of an unknown god.
  3331 | D:2      | Found a white marble altar of Elyvilon.
  3336 | D:2      | Found a shimmering altar of Xom.
  3338 | D:2      | Found a hazy altar of Hepliaklqana.
  3339 | D:2      | Found a shimmering blue altar of Sif Muna.
  3378 | D:3      | Reached skill level 4 in Fighting
  3394 | D:3      | Reached skill level 5 in Fighting
  3594 | D:3      | Got the +9 staff "Ogrebane" {flay, poison; rPois Stlth+}
  3639 | D:3      | Reached skill level 6 in Fighting
  3642 | D:3      | Reached XP level 8. HP: 14/99 MP: 14/14
  4410 | D:3      | Reached skill level 7 in Fighting
  4990 | D:3      | Reached skill level 8 in Fighting
  5375 | D:4      | Identified the cursed ring "Iru Woff" {AC+5 Int+4, (Curse:
                  | rC-)}
  5395 | D:3      | HP: 3/99 [gnoll/+0 flail (7)]
  5577 | D:4      | Reached skill level 9 in Fighting
  5935 | D:4      | Reached skill level 10 in Fighting
  6021 | D:4      | Identified the cursed ring "Doteusche" {MP-9 Dex+6 Stlth-,
                  | (Curse: *Tele)}
  6038 | D:4      | Reached XP level 9. HP: 61/108 MP: 15/15
  6667 | D:4      | Reached skill level 11 in Fighting
  7087 | D:4      | Found a sparkling altar of Nemelex Xobeh.
  7113 | D:4      | Reached skill level 12 in Fighting
  7409 | D:4      | Reached skill level 10 in Invocations
  7517 | D:4      | Found a staircase to the Ecumenical Temple.
  7617 | D:5      | Entered Level 5 of the Dungeon
  7942 | D:5      | Reached ***** piety under Bahamut & Tiamat
  8101 | D:5      | Reached skill level 1 in Hexes
  8128 | D:5      | Noticed a troll
  8143 | D:5      | Killed a troll
  8143 | D:5      | Gained mutation: You are naturally skilled at Slings
                  | (Aptitude +3). [draconic bloodline]
  8143 | D:5      | Reached XP level 10. HP: 25/118 MP: 18/18
  8413 | D:5      | Noticed a two-headed ogre
  8441 | D:5      | Slain by a two-headed ogre

Illustrated notes

Levels and vault maps discovered:
D:1:      dpeg_arrival_castle, layout_loops_ring, minmay_hexomino_u4,
          cheibrodos_sewer_entry_bend
D:2:      layout_sewer, chequers_temple_overflow_minitemple,
          minmay_misc_feat_four_crosses
D:3:      layout_twisted_cavern, first_ration
D:4:      layout_small_grid, nemelex_xobeh_ov_fountains_minmay,
          minmay_temple_entry_fiery, hangedman_little_slice_of_home
D:5:      layout_basic, erik_lair_dragon, ossuary_due_small_catacomb

Skill      XL: |  1  2  3  4  5  6  7  8  9 |
---------------+----------------------------+-----
Invocations    | 5 6 8 9 11 | 11.9
Fighting       | 6 10 12 | 12.0
Hexes          | 1 |  1.0
Dodging        | |  1.5
Stealth        | |  1.4
Unarmed Combat | |  2.6

Action                   |  1- 3 |  4- 6 |  7- 9 | 10-12 || total
-------------------------+-------+-------+-------+-------++-------
Melee: Unarmed           |   111 |   361 |   289 |    15 ||   776
       Peck              |    11 |    40 |    49 |     3 ||   103
       Short sword       |       |    14 |   346 |    20 ||   380
       Staff             |       |       |    10 |       ||    10
Throw: Rusty metal       |       |       |     1 |       ||     1
Invok: Choose Bahamut's  |       |     1 |       |       ||     1
       Choose Tiamat's A |       |     1 |       |       ||     1
       Drake Mount       |       |       |     3 |       ||     3
       Choose Bahamut's  |       |       |     1 |       ||     1
       Adaptive Breath   |       |       |     1 |       ||     1
 Abil: Breathe Dart      |       |     2 |       |       ||     2
       Breathe Negative  |       |       |     5 |     1 ||     6
  Use: Scroll            |       |       |     4 |       ||     4
       Potion            |       |       |     2 |       ||     2
 Stab: Sleeping          |     2 |     3 |    22 |       ||    27
       Distracted        |       |       |     4 |       ||     4
  Eat: Chunk             |       |     2 |    22 |     1 ||    25
       Ration            |       |     1 |       |       ||     1
Armor: Skin              |    20 |    40 |   133 |     4 ||   197
Dodge: Dodged            |    11 |    44 |    90 |     3 ||   148
Block: Other             |     3 |    29 |    56 |       ||    88
